 Dungeon Crawl Stone Soup version 0.16.1-11-g651b585 (webtiles) character file.

201977 Chiseanne the Black Belt (level 17, -7/136 HPs)
             Began as a Demonspawn Necromancer on Apr 5, 2015.
             Was the Champion of Yredelemnul.
             Killed by divine providence
             ... invoked by a deep elf priest
             ... led by an ironheart preserver
              (10 damage)
             ... on level 3 of the Vaults on Apr 7, 2015.
             The game lasted 04:02:10 (46026 turns).

Chiseanne the Black Belt (Demonspawn Necromancer)  Turns: 46026, Time: 04:02:10

Health: -7/136     AC: 24    Str: 13    XL:     17   Next: 93%
Magic:  0/35       EV: 20    Int: 25    God:    Yredelemnul [******]
Gold:   855        SH: 11    Dex: 17    Spells: 8 memorised, 17 levels left

rFire  + + .     SeeInvis +       - Unarmed
rCold  + . .     Clarity  .     v - +4 ring mail of the Castellan {rElec rF+ Int-3 Dex+4}
rNeg   + . .     SustAb   .     i - +0 shield {reflect} {Donald}
rPois  .         Gourm    .     X - +3 crown of Dyrovepreva {rElec Int+2 SInv}
rElec  +         Spirit   +     W - +2 cloak
rCorr  .         Warding  .     (gloves unavailable)
rMut   .         Stasis   .     D - +1 pair of boots
MR     +....                    R - amulet "Zarphec" {rElec rC+ Regen+ Str-3 Int+4}
Stlth  ++++......               F - +5 ring of protection
                                x - ring of positive energy

@: mighty, marked, very slightly contaminated, repel missiles, somewhat
resistant to hostile enchantments, stealthy
A: claws 3, repulsion field 3, fire resistance 1, nightstalker 2, augmentation
1, magic shield, magic regeneration, magic link
a: Animate Dead, Recall Undead Slaves, Injury Mirror, Drain Life, Enslave Soul,
Renounce Religion
}: 1/15 runes: gossamer


You were on level 3 of the Vaults.
You worshipped Yredelemnul.
Yredelemnul was exalted by your worship.
You were hungry.

You visited 6 branches of the dungeon, and saw 36 of its levels.
You also visited: Ice Cave.

You collected 3977 gold pieces.
You spent 3122 gold pieces at shops.

Inventory:

Hand weapons
 a - a +5 flail of crushing
 s - a +2 flail of protection
 w - a +0 blowgun
Missiles
 d - 6 needles of paralysis
 g - 107 poisoned needles
 r - 11 curare-tipped needles
 B - 3 throwing nets (quivered)
Armour
 i - a +0 shield of reflection (worn) {Donald}
 j - the +3 ring mail "Hoboekud" {rElec Dex+5}
   (You found it on level 1 of the Vaults)

   It affects your dexterity (+5).
   It insulates you from electricity.
 v - the +4 ring mail of the Castellan (worn) {rElec rF+ Int-3 Dex+4}
   (You found it on level 2 of the Lair of Beasts)

   It affects your intelligence (-3).
   It affects your dexterity (+4).
   It protects you from fire.
   It insulates you from electricity.
 D - a +1 pair of boots (worn)
 W - a +2 cloak (worn)
 X - the +3 crown of Dyrovepreva (worn) {rElec Int+2 SInv}
   (You found it on level 8 of the Lair of Beasts)

   It affects your intelligence (+2).
   It insulates you from electricity.
   It enhances your eyesight.
Jewellery
 o - an uncursed amulet of the gourmand
 x - a ring of positive energy (left claw)
 y - an uncursed ring of flight
 F - a +5 ring of protection (right claw)
 R - the amulet "Zarphec" (around neck) {rElec rC+ Regen+ Str-3 Int+4}
   (You found it in an ice cave)

   [amulet of regeneration]

   It affects your strength (-3).
   It affects your intelligence (+4).
   It protects you from cold.
   It insulates you from electricity.
   It increases your rate of regeneration.
Magical devices
 e - a wand of heal wounds (3)
Scrolls
 b - 2 scrolls of fear
 u - a scroll of enchant weapon
 z - 3 scrolls of magic mapping
 A - 17 scrolls of remove curse
 E - a scroll of silence
 G - 15 scrolls of identify
 P - 5 scrolls of teleportation
Potions
 f - a potion of flight
 h - 19 potions of curing
 l - 3 potions of restore abilities
 n - 2 potions of resistance
 p - 2 potions of ambrosia
 q - 3 potions of lignification
 C - 4 potions of cancellation
Miscellaneous
 H - a fan of gales (inert)
Comestibles
 c - 9 bread rations
 m - 18 meat rations


   Skills:
 - Level 13.1 Fighting
 - Level 7.6 Armour
 * Level 10.9 Dodging
 - Level 3.5 Stealth
 * Level 8.9 Shields
 * Level 15.9 Unarmed Combat
 - Level 11.0 Spellcasting
 - Level 10.8 Necromancy
 * Level 2.9 Transmutations
 - Level 6.1 Earth Magic
 * Level 10.0 Invocations


You had 17 spell levels left.
You knew the following spells:

 Your Spells              Type           Power        Failure   Level  Hunger
a - Pain                  Necr           ####         1%          1    None
b - Animate Skeleton      Necr           N/A          1%          1    None
c - Vampiric Draining     Necr           ######....   1%          3    None
d - Regeneration          Chrm/Necr      #####.....   8%          3    None
e - Animate Dead          Necr           N/A          1%          4    None
f - Control Undead        Necr           ######....   1%          4    None
h - Stoneskin             Trmt/Erth      #####...     6%          2    None
i - Passwall              Trmt/Erth      #####.....   12%         3    None


Dungeon Overview and Level Annotations

Branches:
Dungeon (15/15)            Temple (1/1) D:7            Lair (8/8) D:9
 Shoals (0/5) Lair:4       Spider (5/5) Lair:6        Slime (0/6) Lair:7
    Orc (4/4) D:12            Elf (0/3) Orc:4        Vaults (3/5) D:14
  Crypt (0/3) Vaults:2     Depths (0/5) D:15

Altars:
Ashenzari
Cheibriados
Dithmenos
Elyvilon
Fedhas
Gozag
Kikubaaqudgha
Makhleb
Nemelex Xobeh
Okawaru
Qazlal
Ru
Sif Muna
Trog
Vehumet
Xom
Yredelemnul
Zin
The Shining One
Beogh

Shops:
D:8 *   D:10 *   D:15 }   Orc:1 *   Orc:2 %**(   Orc:4 [*?(


Innate Abilities, Weirdness & Mutations

You have claws for hands.
You are surrounded by a strong repulsion field (EV +4, rMsl).
You are significantly more attuned to the shadows.
Your magical and physical power is slightly enhanced at high health.
When hurt, damage is shared between your health and your magic reserves.
You regenerate magic rapidly.
When low on magic, you restore magic in place of health.
Your flesh is heat resistant.


Message History

The crawling corpse is destroyed!
The white draconian knight hits you with an antimagic war axe!
* * * LOW HITPOINT WARNING * * *
You feel your power leaking away. The ettin simulacrum hits you!
* * * LOW HITPOINT WARNING * * *
The ettin simulacrum freezes you! You resist.
* * * LOW HITPOINT WARNING * * *
The ettin simulacrum hits you but does no damage.
Read which item? (? for menu, Esc to quit)
Blink to where?
Press: ? - help, Dir - move target cursor You are very lightly contaminated with residual magic.
As you read the scroll of blinking, it crumbles to dust.
A vault sentinel comes into view.
It is wielding a long sword of holy wrath.
The vault sentinel blows a loud note on a signal horn!
The deep elf priest invokes the aid of its god against you.
Something smites you!
You die...
Your body rises from the dead as a mindless zombie.

######## #.......
#.q.ppp.########
#ZO# #......# #ZZ#
#......#####
#..###..#c.....#....
#..@...Zpp.....#....
#.......#e.ZO..#..((
#########..ZZ.e#)ce.


#.qxZ.p'ppp. ########..pc ##### ##### ##<..## ####### ##.....# #....(.
##..###..###...... You could see a white draconian knight (bleeding), 2 vault
sentinels, a yaktaur, a deep elf priest, an ogre, 3 ettin simulacra and a
shapeshifter simulacrum.

Vanquished Creatures
  A bone dragon (Vaults:2)
  Rupert (D:15)
  A fire giant (Vaults:1)
  The ghost of pzskc383 the Earth Mage, a mighty GrEE of Vehumet (Spider:5)
  4 ghost moths (Spider:5)
  Donald (Spider:3)
  4 emperor scorpions
  2 vault wardens (Vaults:2)
  A war gargoyle (Vaults:2)
  2 rakshasas (D:15)
  4 ironheart preservers
  A stone giant (Vaults:2)
  An ettin (Vaults:3)
  3 vault guards
  A fire dragon (Vaults:2)
  A great orb of eyes (Vaults:2)
  Fannar (D:14)
  An ice dragon (IceCv)
  A yaktaur captain (Vaults:1)
  8 centaur warriors
  An ogre mage (Vaults:1)
  2 hydras
  6 death yaks (D:12)
  A deep troll shaman (Vaults:2)
  2 deep troll earth magi
  A fire crab (Vaults:2)
  2 unseen horrors
  2 deep elf knights (Vaults:3)
  A deep elf summoner (Vaults:3)
  3 deep trolls
  A giant orange brain (Vaults:3)
  A fire crab (shapeshifter) (Vaults:1)
  2 ice statues (IceCv)
  A harpy (shapeshifter) (Vaults:3)
  5 ironbrand convokers
  6 orc knights
  7 hill giants
  An ugly thing zombie (D:15)
  3 orc sorcerers
  2 deep elf conjurers
  15 wolf spiders
  A harpy (Vaults:1)
  5 orb spiders
  A manticore (D:15)
  20 ugly things
  3 griffons
  6 hornets
  A moth of wrath (Spider:5)
  3 vault sentinels
  A siren (Lair:4)
  A molten gargoyle (D:9)
  2 black mambas
  3 elephants (Lair:8)
  A naga mage (D:15)
  2 gargoyles
  2 cyclopes
  8 spiny frogs
  5 komodo dragons
  5 yaktaurs
  3 demonic crawlers
  2 fire drakes
  The ghost of Magnus the Charmwright, an experienced DESk of Sif Muna (D:5)
  4 two-headed ogres
  9 jumping spiders
  4 tengu conjurers (D:15)
  2 boulder beetles
  15 trolls
  7 polar bears (Lair:8)
  13 slime creatures
  22 yaks
  8 blink frogs
  4 ravens (D:15)
  A basilisk (Lair:6)
  A wraith (Vaults:1)
  8 trapdoor spiders
  7 tarantellas
  3 wyverns
  19 redbacks
  6 deep elf magi
  5 wasps
  3 fire elementals
  9 spriggans (Lair:8)
  9 vampire mosquitoes
  A hungry ghost (D:13)
  4 hippogriffs
  22 wolves
  2 deep elf fighters
  3 wargs (Orc:4)
  10 water moccasins
  A hog (shapeshifter) (Vaults:1)
  A human (D:12)
  32 orc warriors
  19 ice beasts
  5 sky beasts
  2 phantoms (D:7)
  7 porcupines
  An ettin simulacrum (Vaults:2)
  7 black bears
  2 orc zombies
  7 spiders
  21 centaurs
  17 ogres
  7 crocodiles
  3 big kobolds
  A wyvern skeleton (D:12)
  5 giant frogs
  A water moccasin skeleton (D:7)
  2 scorpions (D:5)
  8 jellies
  6 wights
  6 crimson imps
  16 killer bees
  3 goliath beetles
  An orc simulacrum (Vaults:1)
  A quasit (Vaults:3)
  A yaktaur simulacrum (Vaults:1)
  6 centaur zombies
  9 hounds
  8 iguanas
  2 gnoll shamans
  29 orc wizards
  7 centaur skeletons
  A giant frog skeleton (D:8)
  31 orc priests
  A boulder beetle simulacrum (Vaults:2)
  14 worker ants
  4 hell rats (Lair:8)
  6 sheep (Lair:1)
  A hound zombie (Lair:5)
  A mummy (D:15)
  7 gnolls
  14 adders
  A worker ant zombie (D:9)
  13 river rats
  A white imp (Vaults:1)
  4 shadow imps
  A giant mite (D:7)
  2 worms
  An adder skeleton (D:7)
  An adder zombie (D:10)
  7 giant geckos
  18 oozes
  180 orcs
  A bat skeleton (D:6)
  5 giant cockroaches
  A giant cockroach (shapeshifter) (D:15)
  2 gnoll zombies (D:10)
  26 goblins
  22 hobgoblins
  17 quokkas
  3 ball pythons
  5 bats
  A giant gecko skeleton (D:2)
  8 giant newts
  A giant spore (D:14)
  4 jackals (D:5)
  28 kobolds
  An orc skeleton (D:7)
  10 rats
  A ballistomycete (D:14)
  A bush (Lair:7)
  8 fungi
  3 plants
1083 creatures vanquished.

Vanquished Creatures (collateral kills)
  A fire giant (Vaults:2)
  An orc warlord (Orc:4)
  A ghost moth (Spider:2)
  2 vault wardens
  2 emperor scorpions
  Gastronok (D:9)
  2 ironheart preservers
  2 stone giants
  A deep elf annihilator (Vaults:1)
  The ghost of lorenzova the Thaumaturge, a mighty SpEn of Dithmenos (Spider:2)
  Azrael (D:13)
  A great orb of eyes (Vaults:2)
  A vault guard (D:14)
  An ice dragon (IceCv)
  Harold (D:15)
  2 yaktaur captains (Vaults:2)
  A deep troll earth mage (Vaults:2)
  8 hydras
  4 ogre magi
  2 centaur warriors
  7 death yaks (D:12)
  7 orc high priests (Orc:4)
  2 deep trolls (Vaults:1)
  2 deep elf summoners (Vaults:3)
  3 harpies (Vaults:1)
  2 vault sentinels (Vaults:1)
  A hill giant (Vaults:1)
  An ironbrand convoker (Vaults:2)
  A deep elf conjurer (Vaults:2)
  13 wolf spiders
  2 orc knights
  A moth of wrath (Spider:4)
  6 ugly things
  7 orb spiders
  3 griffons
  5 orc sorcerers
  2 manticores
  3 elephants (Lair:8)
  A black mamba (Lair:3)
  6 spiny frogs
  A torpor snail (Spider:1)
  10 yaktaurs
  2 komodo dragons (Lair:2)
  3 demonic crawlers (Spider:1)
  4 fire drakes
  A troll (Vaults:1)
  A freezing wraith (D:15)
  13 jumping spiders
  A spriggan druid (Lair:8)
  A polar bear (Lair:8)
  A hornet zombie (D:15)
  3 merfolk (Lair:4)
  A queen bee (Spider:1)
  5 two-headed ogres
  21 blink frogs
  2 ravens (D:15)
  8 slime creatures
  A flying skull (Orc:4)
  17 tarantellas
  3 boulder beetles
  17 redbacks
  3 spriggans (Lair:8)
  A shadow (D:15)
  A deep elf mage (Vaults:2)
  10 trapdoor spiders
  20 yaks
  28 orc warriors
  2 hungry ghosts
  A deep elf fighter (Vaults:1)
  3 hippogriffs
  7 vampire mosquitoes
  A steam dragon (shapeshifter) (Vaults:2)
  8 wolves
  4 porcupines
  2 wargs
  A hell hound (D:13)
  12 water moccasins
  2 wasps (Lair:8)
  6 black bears
  3 orc zombies (Orc:4)
  14 spiders
  15 ogres
  An ice beast (IceCv)
  8 centaurs
  An eye of draining (D:14)
  A boggart (Vaults:2)
  4 crocodiles
  2 big kobolds
  13 giant frogs
  A wyvern zombie (D:13)
  A gnoll sergeant (D:10)
  A wyvern skeleton (D:12)
  3 wights
  A scorpion (Spider:2)
  9 killer bees
  A goliath beetle (D:6)
  5 electric eels
  2 giant frog zombies
  3 crimson imps
  3 jellies
  A quasit (D:9)
  11 orc priests
  2 hounds
  5 iguanas
  4 centaur skeletons
  A giant frog skeleton (D:7)
  10 orc wizards
  2 worker ants
  5 hell rats
  4 sheep
  6 gnolls
  7 adders
  8 river rats
  3 shadow imps
  2 adder zombies
  2 giant geckos
  An ooze (Lair:4)
  124 orcs
  3 bats
  9 goblins
  5 hobgoblins
  6 quokkas
  A giant newt (D:7)
  7 kobolds
  A quokka zombie (D:9)
  13 fungi
  3 plants
677 creatures vanquished.

Vanquished Creatures (others)
  A hydra (D:15)
  5 death cobs
  A ghost moth zombie (Spider:5)
  A skeletal warrior (Spider:3)
  2 unseen horrors (D:15)
  2 flayed ghosts (Vaults:1)
  A wolf spider (Vaults:3)
  6 ugly thing zombies
  8 wolf spider zombies
  A fire giant zombie (Vaults:1)
  5 phantasmal warriors
  9 redback zombies
  A kobold demonologist (Vaults:3)
  A human skeleton (Vaults:2)
  A yaktaur (Vaults:2)
  A hydra zombie (Lair:1)
  9 jumping spider zombies
  6 trapdoor spider zombies
  A hornet zombie (Spider:5)
  6 tarantella zombies
  A deep troll zombie (Vaults:2)
  2 griffon zombies
  An air elemental (Spider:5)
  A redback (Spider:4)
  A black mamba zombie (Lair:6)
  4 vampires
  18 flying skulls
  2 griffon skeletons
  3 humans (D:12)
  A wraith (Orc:4)
  2 raven zombies (D:15)
  A hill giant skeleton (D:10)
  A hornet simulacrum (D:14)
  3 spiny frog zombies
  5 orb spider zombies
  8 human zombies
  2 elephant zombies (Lair:8)
  4 blink frog zombies
  A manticore zombie (D:15)
  A fire drake zombie (Lair:8)
  2 blink frog skeletons
  5 vampire mosquito zombies
  A fire drake skeleton (Lair:4)
  4 yaktaur zombies
  A cyclops zombie (D:10)
  A komodo dragon zombie (Lair:2)
  4 spider zombies
  6 wasp zombies
  A komodo dragon skeleton (Lair:2)
  2 water moccasin zombies
  2 boulder beetle zombies
  2 water moccasin skeletons
  9 yak zombies
  A warg zombie (Orc:4)
  A troll zombie (D:15)
  A warg skeleton (Orc:4)
  A troll skeleton (D:13)
  2 yak skeletons
  5 wolf zombies
  2 black bear zombies (Lair:8)
  17 centaur zombies
  10 elf zombies
  3 centaur skeletons
  3 giant frog zombies
  A two-headed ogre zombie (Vaults:1)
  A basilisk skeleton (Lair:6)
  An elf skeleton (Vaults:2)
  3 giant frog skeletons
  2 porcupine zombies (Lair:5)
  9 killer bee zombies
  2 crocodile zombies
  4 ogre zombies
  2 big kobold zombies (Vaults:3)
  A sky beast zombie (D:7)
  3 ogre skeletons
  4 hound zombies
  A mummy (Lair:6)
  3 worker ant zombies
  4 hell rat zombies (Lair:8)
  A worm zombie (D:5)
  A goliath beetle zombie (D:7)
  6 sheep zombies
  2 adder skeletons
  3 adder zombies
  2 iguana zombies
  15 orc skeletons
  An orc (D:14)
  A bat skeleton (D:7)
  A bat zombie (D:10)
  A gnoll skeleton (D:6)
  6 river rat zombies
  A giant gecko skeleton (D:1)
  A giant gecko zombie (D:10)
  2 giant spores
  6 goblin skeletons
  6 goblin zombies
  4 hobgoblin skeletons
  3 hobgoblin zombies
  2 jackal skeletons (D:5)
  3 kobold skeletons
  12 kobold zombies
  81 orc zombies
  3 quokka skeletons
  3 quokka zombies
  3 rat skeletons
  2 river rat skeletons (Lair:7)
  2 ballistomycetes (D:9)
  A crawling corpse (Vaults:3)
  7 fungi
439 creatures vanquished.

Grand Total: 2199 creatures vanquished

Notes
Turn   | Place    | Note
--------------------------------------------------------------
     0 | D:1      | Chiseanne, the Demonspawn Necromancer, began the quest for the Orb.
     0 | D:1      | Reached XP level 1. HP: 13/13 MP: 3/3
    70 | D:1      | Learned a level 1 spell: Animate Skeleton
   473 | D:1      | Gained mutation: You have sharp fingernails. [demonic ancestry]
   473 | D:1      | Reached XP level 2. HP: 19/19 MP: 2/4
   814 | D:1      | Reached skill level 5 in Necromancy
  1506 | D:2      | Reached XP level 3. HP: 21/24 MP: 2/6
  1864 | D:2      | Learned a level 3 spell: Vampiric Draining
  2557 | D:3      | Gained mutation: When hurt, damage is shared between your health and your magic reserves. [demonic ancestry]
  2557 | D:3      | Reached XP level 4. HP: 22/30 MP: 6/9
  3087 | D:3      | Found a stormy altar of Qazlal.
  3236 | D:4      | Gained mutation: You have very sharp fingernails. [demonic ancestry]
  3236 | D:4      | Reached XP level 5. HP: 26/36 MP: 11/11
  3341 | D:4      | Learned a level 3 spell: Regeneration
  3819 | D:4      | Reached skill level 1 in Shields
  3819 | D:4      | Reached skill level 1 in Unarmed Combat
  3819 | D:4      | Reached skill level 6 in Necromancy
  4092 | D:4      | Gained mutation: You are surrounded by a mild repulsion field (EV +2). [demonic ancestry]
  4092 | D:4      | Reached XP level 6. HP: 37/42 MP: 15/15
  4625 | D:5      | Entered Level 5 of the Dungeon
  4734 | D:5      | Noticed Magnus' ghost (experienced DESk)
  4896 | D:4      | Reached skill level 1 in Fighting
  4919 | D:4      | Learned a level 4 spell: Animate Dead
  5382 | D:5      | Gained mutation: You have claws for hands. [demonic ancestry]
  5382 | D:5      | Reached XP level 7. HP: 31/48 MP: 10/18
  6281 | D:5      | Reached skill level 5 in Spellcasting
  6317 | D:6      | Reached skill level 7 in Necromancy
  6562 | D:6      | Found a bloodstained altar of Trog.
  7184 | D:5      | Killed Magnus' ghost
  7184 | D:5      | Reached XP level 8. HP: 56/56 MP: 20/20
  7233 | D:5      | Learned a level 4 spell: Control Undead
  7332 | D:6      | Found a basalt altar of Yredelemnul.
  8102 | D:6      | Reached skill level 8 in Necromancy
  9106 | D:7      | Reached XP level 9. HP: 58/64 MP: 19/23
  9643 | D:7      | Noticed a slime creature
 10380 | D:7      | Killed a slime creature
 10479 | D:7      | Found a staircase to the Ecumenical Temple.
 10550 | Temple   | Entered the Ecumenical Temple
 11938 | D:8      | Gained mutation: You are slightly more attuned to the shadows. [demonic ancestry]
 11938 | D:8      | Reached XP level 10. HP: 51/71 MP: 21/26
 12105 | D:8      | Reached skill level 5 in Dodging
 12252 | D:8      | Found Heira's Assorted Antiques.
 12272 | D:8      | Bought a polished helmet for 218 gold pieces
 12272 | D:8      | Bought a potion of curing for 69 gold pieces
 12272 | D:8      | Bought a scroll of identify for 46 gold pieces
 12272 | D:8      | Bought a scroll labeled ZIORIJ JOUCHEK for 23 gold pieces
 12272 | D:8      | Bought a potion of berserk rage for 115 gold pieces
 12286 | D:8      | Identified the +0 helmet of Fortification {rPois MR- rCorr Str-2 SInv} (You bought it in a shop on level 8 of the Dungeon)
 12759 | D:9      | Found a staircase to the Lair.
 13218 | D:9      | Noticed Gastronok
 13234 | D:9      | Killed Gastronok
 13297 | D:9      | Found a shadowy altar of Dithmenos.
 13298 | D:9      | Found a deep blue altar of Sif Muna.
 13300 | D:9      | Found a white marble altar of Elyvilon.
 13312 | D:9      | Found an ancient bone altar of Kikubaaqudgha.
 13334 | D:9      | Found a snail-covered altar of Cheibriados.
 13569 | Temple   | Became a worshipper of Yredelemnul the Dark
 13904 | D:10     | Entered Level 10 of the Dungeon
 13904 | D:10     | Found a blossoming altar of Fedhas.
 13911 | D:10     | Noticed an orc knight
 13976 | D:10     | Noticed a four-headed hydra
 14015 | D:10     | Reached skill level 5 in Shields
 14234 | D:10     | Noticed a cyclops
 14244 | D:10     | Noticed a tengu warrior
 14330 | D:9      | Reached skill level 5 in Unarmed Combat
 14381 | D:9      | Killed a four-headed hydra
 14481 | D:10     | Killed a cyclops
 14481 | D:10     | Reached skill level 5 in Fighting
 15006 | D:10     | Noticed a hill giant
 15019 | D:10     | Killed a hill giant
 15019 | D:10     | Gained mutation: You are surrounded by a moderate repulsion field (EV +3). [demonic ancestry]
 15019 | D:10     | Reached XP level 11. HP: 80/80 MP: 22/27
 15030 | D:10     | Killed an orc knight
 15048 | D:10     | Acquired Yredelemnul's first power
 15640 | Lair:1   | Entered Level 1 of the Lair of Beasts
 15690 | Lair:1   | Reached skill level 1 in Armour
 15880 | Lair:1   | Noticed a five-headed hydra
 15898 | Lair:1   | Killed a five-headed hydra
 16525 | Lair:1   | Acquired Yredelemnul's second power
 16612 | Lair:1   | Learned a level 3 spell: Ozocubu's Armour
 16722 | Lair:1   | Reached skill level 1 in Invocations
 17492 | Lair:2   | Got a faintly humming robe
 17506 | Lair:2   | Identified the +0 robe of Mengaffe {rElec Stlth+} (You found it on level 2 of the Lair of Beasts)
 17558 | Lair:2   | Reached skill level 5 in Armour
 17568 | Lair:2   | Got an encrusted ring mail
 17706 | Lair:2   | Identified the +4 ring mail of the Castellan {rElec rF+ Int-3 Dex+4} (You found it on level 2 of the Lair of Beasts)
 17766 | Lair:2   | Acquired Yredelemnul's third power
 17865 | Lair:2   | Noticed an eight-headed hydra
 17893 | Lair:2   | Killed an eight-headed hydra
 18466 | Lair:3   | Reached skill level 9 in Necromancy
 18590 | Lair:3   | Gained mutation: You regenerate magic rapidly. [demonic ancestry]
 18590 | Lair:3   | Reached XP level 12. HP: 86/89 MP: 28/28
 19003 | Lair:3   | You fall through a shaft for 3 floors!
 19334 | Lair:6   | Found a hole to the Spider Nest.
 19438 | Lair:6   | Acquired Yredelemnul's fourth power
 19439 | Lair:6   | Received a gift from Yredelemnul
 19504 | Lair:6   | Received a gift from Yredelemnul
 19522 | Lair:6   | Reached skill level 10 in Necromancy
 19723 | Lair:4   | Received a gift from Yredelemnul
 20328 | Lair:3   | Noticed an eight-headed hydra
 20340 | Lair:3   | Killed an eight-headed hydra
 20784 | Lair:4   | Found a staircase to the Shoals.
 21143 | Lair:4   | Received a gift from Yredelemnul
 21247 | Lair:4   | Received a gift from Yredelemnul
 21249 | Lair:4   | Acquired Yredelemnul's fifth power
 21399 | Lair:5   | Noticed an eight-headed hydra
 22187 | Lair:5   | Killed an eight-headed hydra
 22601 | Lair:5   | Gained mutation: When low on magic, you restore magic in place of health. [demonic ancestry]
 22601 | Lair:5   | Reached XP level 13. HP: 84/98 MP: 27/31
 23569 | Lair:7   | Found a staircase to the Slime Pits.
 23651 | Lair:7   | Reached skill level 10 in Spellcasting
 24217 | Lair:7   | Got a warped steel ring
 24221 | Lair:7   | Identified the ring of Appauhy {EV+1 Slay+3} (You found it on level 7 of the Lair of Beasts)
 24721 | Lair:8   | Entered Level 8 of the Lair of Beasts
 24841 | Lair:8   | Learned a level 2 spell: Stoneskin
 24955 | Lair:8   | Received a gift from Yredelemnul
 25378 | Lair:8   | Reached skill level 11 in Spellcasting
 25478 | Lair:8   | Reached skill level 1 in Earth Magic
 25741 | Lair:8   | Reached skill level 10 in Unarmed Combat
 26225 | Lair:1   | Learned a level 3 spell: Passwall
 26506 | D:10     | Found Eqavuek's Assorted Antiques.
 26510 | D:10     | Bought a viscous dark potion for 26 gold pieces
 26510 | D:10     | Bought a transparent chain mail for 275 gold pieces
 26510 | D:10     | Bought a scroll labeled KHITOF URIJ for 29 gold pieces
 26510 | D:10     | Bought a scroll of magic mapping for 101 gold pieces
 26510 | D:10     | Bought a potion of curing for 87 gold pieces
 26521 | D:10     | Identified the +0 chain mail "Stroagomoth" {rCorr Dex+4} (You bought it in a shop on level 10 of the Dungeon)
 26556 | D:10     | Noticed an unseen horror
 26571 | D:10     | Killed an unseen horror
 26600 | D:10     | Noticed a hill giant
 26611 | D:10     | Killed a hill giant
 27005 | D:11     | Gained mutation: Your magical and physical power is slightly enhanced at high health. [demonic ancestry]
 27005 | D:11     | Reached XP level 14. HP: 75/108 MP: 23/33
 27007 | D:11     | Got a steaming plate armour
 27239 | D:11     | Identified the cursed -4 plate armour "Pieqooto" {rElec rN+ MR- Dex+3} (You found it on level 11 of the Dungeon)
 27293 | D:12     | Found a staircase to the Orcish Mines.
 27319 | D:12     | Found a frozen archway.
 27325 | IceCv    | Entered an ice cave
 27402 | IceCv    | Received a gift from Yredelemnul
 27529 | IceCv    | Got a translucent emerald amulet
 27533 | IceCv    | Got a brightly glowing diamond amulet
 27552 | IceCv    | Identified the amulet "Zarphec" {rElec rC+ Regen+ Str-3 Int+4} (You found it in an ice cave)
 27553 | IceCv    | Identified the amulet of Beerch {Spirit rElec rF- MR- Str+6 Slay+2} (You found it in an ice cave)
 27822 | D:12     | Received a gift from Yredelemnul
 28063 | D:12     | Received a gift from Yredelemnul
 28118 | D:12     | Reached skill level 10 in Fighting
 28455 | D:12     | Received a gift from Yredelemnul
 29049 | Orc:1    | Entered Level 1 of the Orcish Mines
 29384 | Orc:1    | Found Khoazias' General Store.
 29392 | Orc:1    | Bought a scroll of identify for 24 gold pieces
 29392 | Orc:1    | Bought a scroll of teleportation for 36 gold pieces
 29392 | Orc:1    | Bought a scroll of magic mapping for 42 gold pieces
 29392 | Orc:1    | Bought a scroll of enchant armour for 90 gold pieces
 29392 | Orc:1    | Bought a scroll of enchant armour for 90 gold pieces
 29401 | Orc:1    | Received a gift from Yredelemnul
 29755 | Orc:2    | Found Facikea's Food Shoppe.
 29966 | Orc:2    | Found Wuhanamp's General Store.
 29993 | Orc:2    | Bought a potion of curing for 36 gold pieces
 29993 | Orc:2    | Bought a scroll of identify for 24 gold pieces
 29993 | Orc:2    | Bought a scroll of enchant armour for 90 gold pieces
 29996 | Orc:2    | Found Ymup's Food Shop.
 30002 | Orc:2    | Bought a beef jerky for 15 gold pieces
 30002 | Orc:2    | Bought a royal jelly for 20 gold pieces
 30002 | Orc:2    | Bought 3 fruits for 45 gold pieces
 30030 | Orc:2    | Found Lahaef's Assorted Antiques.
 30036 | Orc:2    | Bought 2 scrolls of teleportation for 138 gold pieces
 30036 | Orc:2    | Bought a potion of curing for 69 gold pieces
 30066 | Orc:2    | Reached skill level 5 in Invocations
 30092 | Orc:2    | Found Gusaump's Weapon Shoppe.
 30245 | Orc:2    | Found a bloodstained altar of Trog.
 30412 | Orc:4    | Entered Level 4 of the Orcish Mines
 30455 | Orc:4    | Received a gift from Yredelemnul
 30522 | Orc:4    | Found Cais' Magic Scroll Boutique.
 30550 | Orc:4    | Bought a scroll of acquirement for 728 gold pieces
 30550 | Orc:4    | Bought a scroll of vulnerability for 105 gold pieces
 30550 | Orc:4    | Bought a scroll of teleportation for 42 gold pieces
 30555 | Orc:4    | Got a bloodstained helmet
 30566 | Orc:4    | Identified the +2 helmet of Weightlessness {rPois MR+ Stlth+} (You acquired it on level 4 of the Orcish Mines)
 30578 | Orc:4    | Bought a scroll of blinking for 105 gold pieces
 30578 | Orc:4    | Bought a scroll of fear for 49 gold pieces
 30694 | Orc:4    | Received a gift from Yredelemnul
 31074 | Orc:4    | Found a roughly hewn altar of Beogh.
 31120 | Orc:4    | Reached skill level 12 in Unarmed Combat
 31443 | Orc:4    | Received a gift from Yredelemnul
 31492 | Orc:4    | Received a gift from Yredelemnul
 31630 | Orc:4    | Noticed an orc warlord
 31631 | Orc:4    | Found a roughly hewn altar of Beogh.
 31674 | Orc:4    | Killed an orc warlord
 31833 | Orc:4    | Found a staircase to the Elven Halls.
 32029 | Orc:4    | Found Saadal's Antique Weapon Shop.
 32039 | Orc:4    | Received a gift from Yredelemnul
 32282 | Orc:4    | Received a gift from Yredelemnul
 32300 | Orc:4    | Found Oteaqesm's Assorted Antiques.
 32312 | Orc:4    | Bought an emerald potion for 28 gold pieces
 32312 | Orc:4    | Bought a scroll of identify for 64 gold pieces
 32312 | Orc:4    | Bought a potion of invisibility for 256 gold pieces
 32381 | Orc:4    | Found Migrax's Armour Shop.
 32733 | Orc:4    | Received a gift from Yredelemnul
 32992 | Orc:3    | Gained mutation: You are surrounded by a strong repulsion field (EV +4, rMsl). [demonic ancestry]
 32992 | Orc:3    | Reached XP level 15. HP: 94/119 MP: 29/33
 33120 | Orc:3    | Received a gift from Yredelemnul
 33192 | Orc:3    | Received a gift from Yredelemnul
 33448 | D:13     | Found a stormy altar of Qazlal.
 33507 | D:13     | Got an encrusted buckler
 33518 | D:13     | Identified the +0 buckler of Dionuji {+Blink rPois rN+ MR- Str-5} (You found it on level 13 of the Dungeon)
 34148 | D:14     | Noticed Azrael
 34326 | D:14     | Noticed Fannar
 34332 | D:13     | Killed Azrael
 34477 | D:14     | Killed Fannar
 34684 | D:14     | Reached skill level 13 in Unarmed Combat
 34776 | D:14     | Found a gate to the Vaults.
 35191 | D:15     | Entered Level 15 of the Dungeon
 35346 | D:15     | Found Clurr's Quality Used Wands.
 35457 | D:15     | Bought a wand of slowing (0) for 22 gold pieces
 35457 | D:15     | Bought a wand of flame (0) for 15 gold pieces
 35481 | D:15     | Noticed Rupert
 35516 | D:15     | Killed Rupert
 35659 | D:15     | Noticed Harold
 35669 | D:15     | Killed Harold
 35842 | D:15     | Received a gift from Yredelemnul
 36123 | D:15     | Found a staircase to the Depths.
 36712 | Spider:1 | Entered Level 1 of the Spider Nest
 36750 | Spider:1 | Gained mutation: Your flesh is heat resistant. [potion of beneficial mutation]
 36886 | Spider:1 | Received a gift from Yredelemnul
 37095 | Spider:1 | Received a gift from Yredelemnul
 37197 | Spider:1 | Got a faintly glowing scale mail
 37200 | Spider:1 | Reached skill level 14 in Unarmed Combat
 37449 | Spider:1 | Received a gift from Yredelemnul
 37747 | Spider:2 | Gained mutation: You are significantly more attuned to the shadows. [demonic ancestry]
 37747 | Spider:2 | Reached XP level 16. HP: 130/130 MP: 34/34
 38126 | Lair:1   | Identified the +4 scale mail of the First Gods {Int+5} (You found it on level 1 of the Spider Nest)
 38217 | D:11     | Received a gift from Yredelemnul
 38905 | Spider:2 | Noticed lorenzova's ghost (mighty SpEn)
 38914 | Spider:2 | Killed lorenzova's ghost
 39079 | Spider:2 | Received a gift from Yredelemnul
 39172 | Spider:3 | Noticed Donald
 39189 | Spider:3 | Killed Donald
 39565 | Spider:4 | HP: 6/130 [poisoned by a redback]
 39570 | Spider:4 | HP: 4/130 [poisoned by a redback]
 39576 | Spider:4 | HP: 3/130 [poisoned by a redback]
 39581 | Spider:4 | HP: 4/130 [poisoned by a redback]
 39586 | Spider:4 | HP: 6/130 [poisoned by a redback]
 39783 | Spider:5 | Entered Level 5 of the Spider Nest
 39950 | Spider:5 | Noticed pzskc383's ghost (mighty GrEE)
 40007 | Spider:5 | Killed pzskc383's ghost
 40049 | Spider:5 | Reached skill level 5 in Earth Magic
 40768 | Spider:5 | Received a gift from Yredelemnul
 41262 | Spider:5 | Got a gossamer rune of Zot
 41729 | D:10     | Received a gift from Yredelemnul
 41876 | Vaults:1 | Entered Level 1 of the Vaults
 42053 | Vaults:1 | Got a warped ring mail
 42058 | Vaults:1 | Received a gift from Yredelemnul
 42245 | Vaults:1 | Received a gift from Yredelemnul
 42486 | Vaults:1 | Reached skill level 15 in Unarmed Combat
 42571 | Vaults:1 | Received a gift from Yredelemnul
 42659 | Vaults:1 | Reached XP level 17. HP: 133/136 MP: 35/35
 43240 | Vaults:1 | Paralysed by a hornet for 3 turns
 43582 | Vaults:1 | Received a gift from Yredelemnul
 43611 | Vaults:1 | Identified the +3 ring mail "Hoboekud" {rElec Dex+5} (You found it on level 1 of the Vaults)
 43890 | Vaults:2 | Reached skill level 10 in Dodging
 43890 | Vaults:2 | Received a gift from Yredelemnul
 43966 | Vaults:2 | Reached skill level 1 in Transmutations
 44298 | Vaults:2 | Received a gift from Yredelemnul
 44420 | Vaults:2 | Received a gift from Yredelemnul
 44538 | Vaults:2 | Noticed a bone dragon
 44540 | Vaults:2 | Found a staircase to the Crypt.
 44559 | Vaults:2 | Killed a bone dragon
 45412 | Vaults:3 | Received a gift from Yredelemnul
 45618 | Vaults:3 | Reached skill level 10 in Invocations
 45806 | Vaults:3 | Received a gift from Yredelemnul
 45967 | Vaults:3 | Received a gift from Yredelemnul
 46025 | Vaults:3 | HP: 3/136 [ettin simulacrum[a white draconian knight] (11)]
 46026 | Vaults:3 | Killed from afar by a deep elf priest

Action                   |  1- 3 |  4- 6 |  7- 9 | 10-12 | 13-15 | 16-18 || total
-------------------------+-------+-------+-------+-------+-------+-------++-------
Melee: Unarmed           |     5 |    42 |   458 |   952 |  2071 |  1110 ||  4638
       Spear             |       |     6 |       |       |       |       ||     6
       Flail             |       |       |       |     1 |       |       ||     1
 Fire: Blowgun           |       |       |       |       |       |    22 ||    22
 Cast: Pain              |    65 |   120 |    62 |     3 |     8 |       ||   258
       Animate Skeleton  |    20 |    17 |    19 |    23 |    31 |     7 ||   117
       Vampiric Draining |     1 |     6 |    57 |    74 |    62 |       ||   200
       Regeneration      |       |     2 |    14 |    12 |    16 |     3 ||    47
       Animate Dead      |       |     2 |    20 |    64 |   148 |    72 ||   306
       Control Undead    |       |       |    18 |     1 |     1 |     1 ||    21
       Passwall          |       |       |       |       |     2 |       ||     2
       Stoneskin         |       |       |       |       |     3 |     2 ||     5
Invok: Injury Mirror     |       |       |       |       |     4 |       ||     4
       Drain Life        |       |       |       |       |     1 |     9 ||    10
Evoke: Wand              |       |       |       |     3 |    21 |     3 ||    27
       Fan of gales      |       |       |       |       |       |     2 ||     2
  Use: Scroll            |     6 |    10 |    11 |    12 |    27 |    13 ||    79
       Potion            |       |       |     1 |     2 |     3 |    24 ||    30
 Stab: Distracted        |       |       |     2 |     5 |    19 |    13 ||    39
       Sleeping          |       |       |       |    14 |    22 |     8 ||    44
       Invisible         |       |       |       |       |       |    21 ||    21
       Confused          |       |       |       |       |       |     1 ||     1
  Eat: Chunk             |     6 |     9 |    18 |    33 |    44 |    17 ||   127
       Beef jerky        |       |       |     2 |     1 |     4 |     8 ||    15
       Royal jelly       |       |       |     2 |       |     4 |     5 ||    11
       Fruit             |       |       |     3 |       |     9 |       ||    12
       Bread ration      |       |       |     1 |     1 |       |     1 ||     3
